 Dungeon Crawl Stone Soup version 0.29.0-15-g675c0067aa (webtiles) character file.

Game seed: 4362745036214812181

16 Larmestyx the Shield-Bearer (level 2, -5/29 HPs)
             Began as a Troll Fighter on Sept 11, 2022.
             Killed from afar by Robin (11 damage)
             ... with a puff of flame
             ... on level 1 of the Dungeon.
             The game lasted 00:09:17 (703 turns).

Larmestyx the Shield-Bearer (Troll Fighter)          Turns: 703, Time: 00:09:18

Health: -5/29      AC:  5    Str: 23    XL:     2   Next: 41%
Magic:  1/1        EV:  8    Int:  4    God:
Gold:   52         SH:  7    Dex:  9    Spells: 1/1 levels left

rFire   . . .      SeeInvis .     - Unarmed
rCold   + . .      Faith    .   b - +0 kite shield
rNeg    . . .      Spirit   .   a - +0 robe
rPois   .          Reflect  .   (helmet restricted)
rElec   .          Harm     .   j - +0 cloak
rCorr   .          Rampage  .   (gloves unavailable)
Will    .....                   (boots unavailable)
Stlth   +.........              (no amulet)
HPRegen 0.89/turn               f - ring of protection from cold
MPRegen 0.07/turn               (no ring)

@: no status effects
A: large, unfitting armour, claws 3, regeneration 1, shaggy fur 1, tough skin 1
a: no special abilities


You were on level 1 of the Dungeon.
You visited 1 branch of the dungeon, and saw 2 of its levels.

You collected 52 gold pieces.

Inventory:

Missiles
 n - 8 stones (quivered)
Armour
 a - a +0 robe (worn)
 b - a +0 kite shield (worn)
 j - a +0 cloak (worn)
Jewellery
 f - a ring of protection from cold (left claw)
Scrolls
 h - a scroll of silence {unknown}
 i - a scroll of vulnerability {unknown}
 k - 3 scrolls of identify {unknown}
 l - a scroll of magic mapping {unknown}
 m - a scroll of teleportation {unknown}
Potions
 c - a potion of might
 d - a potion of heal wounds {unknown}
 e - a potion of haste {unknown}
 g - 2 potions of curing {unknown}


   Skills:
 + Level 2.6 Fighting
 - Level 2.4 Dodging
 + Level 2.9 Shields
 * Level 2.6 Unarmed Combat


You had one spell level left.
You didn't know any spells.
Your spell library contained the following spells:

 Spells                   Type           Power      Damage    Failure   Level
 Beastly Appendage        Tmut           0%         N/A       80%         1


Dungeon Overview and Level Annotations

Branches:
Dungeon (2/15)

Altars:

Annotations:
D:1 Robin


Innate Abilities, Weirdness & Mutations

You are too large for most types of armour.
You have claws for hands.
Your natural rate of healing is unusually fast.
You are covered in fur. (AC +1)
You have tough skin. (AC +1)


Message History

You barely miss the goblin. The goblin hits you with a +0 dagger.
You block the goblin's attack. The goblin hits you with a +0 dagger.
You closely miss the goblin. The goblin hits you but does no damage.
The goblin hits you with a +0 club. x2; The goblin barely misses you.
You closely miss the goblin. You block the goblin's attack.
The goblin hits you with a +0 club.
Robin hits you from afar with a +0 spear.
The goblin hits you but does no damage. The goblin hits you with a +0 dagger.
You scratch the goblin.
You kill the goblin!
The goblin hits you but does no damage. The goblin hits you with a +0 dagger.
Robin hits you from afar with a +0 spear.
The goblin attacks as you move away! You block the goblin's attack.
The goblin hits you but does no damage. The goblin completely misses you.
Things that are here:
a +0 club; a goblin corpse The goblin attacks as you move away!
The goblin closely misses you.
You barely miss the goblin. The goblin closely misses you.
You scratch the goblin.
You kill the goblin!
You scratch the goblin but do no damage.
The goblin hits you but does no damage. Robin throws the goblin at you!
You claw the goblin!
You kill the goblin!
The goblin hits you with a +0 club. Robin throws the goblin at you!
You closely miss the goblin. The goblin closely misses you.
Robin hits you from afar with a +0 spear.
The goblin hits you with a +0 club.
Robin hits you from afar with a +0 spear.
You completely miss the goblin. The goblin hits you but does no damage.
Robin hits you from afar with a +0 spear.
You scratch the goblin.
You kill the goblin!
Robin barely misses you.
Robin zaps a wand.
The puff of flame hits you.
* * * LOW HITPOINT WARNING * * *
Things that are here:
a +0 club; a +0 dagger Robin zaps a wand.
The puff of flame hits you!
You die...

.#
#........................#†.
.###
#...####.##.......#####.....
...###...####.###>......#
#.##.#
.#...)..................#
#.##.#
##..........#.##g######.#
#.##.) #......##..#.##.# #.#
#.##.#
##............##)######.#
#.##.#
.........#....##.#......#
#.##.#
###...........##@#.######
#.##.# #######.......##.#.#
#.##.# #.............##.#.#
#.##.# #######..#.##.##.#.#
####.##.# #.......##.#.#
#.......# #....#.....#.#
####..####.# #.##.#.......#
#.....# #.# #.##.##.##.###
#.##.## #.# #.##.##......#
#.##.#####.#


You could see Robin.

Vanquished Creatures
  An endoplasm (D:1)
  A giant cockroach (D:1)
  6 goblins (D:1)
  A hobgoblin (D:1)
  2 jackals (D:1)
  A bat (D:1)
  A frilled lizard (D:1)
13 creatures vanquished.

Notes
Turn   | Place    | Note
-------+----------+-------------------------------------------
     0 | D:1      | Larmestyx the Troll Fighter began the quest for the Orb.
     0 | D:1      | Reached XP level 1. HP: 22/22 MP: 0/0
    98 | D:1      | Found a faded altar of an unknown god.
   110 | D:1      | Got Plato's Directory of the Figure
   522 | D:1      | Reached XP level 2. HP: 29/29 MP: 1/1
   682 | D:2      | Noticed Robin
   703 | D:1      | Killed from afar by Robin

Illustrated notes

Levels and vault maps discovered:
D:1:      dpeg_arrival_radiant, layout_basic,
          shapermc_ecumenical_altar_rom_forum
D:2:      layout_rooms, basic_altar, serial_shops, nicolae_shop_crystal,
          st_stairs_6, kennysheep_doodads, minmay_diced_spiral, uniq_jessica,
          uniq_robin

Action                   || total
-------------------------++-------
Melee: Unarmed           ||    44
Armor: Robe              ||    22
Dodge: Dodged            ||    19
Block: Kite shield       ||    16
